 Dungeon Crawl Stone Soup version 0.29-a0-825-g72347fce65 (webtiles) character file.

Game seed: 13223021517760275978

2900 Riddle the Destroyer (level 9, 0/66 HPs)
             Began as a Gnoll Conjurer on July 11, 2022.
             Was an Initiate of Vehumet.
             Slain by a yak (10 damage)
             ... on level 7 of the Dungeon.
             The game lasted 00:29:14 (9368 turns).

Riddle the Destroyer (Gnoll Conjurer)               Turns: 9368, Time: 00:29:14

Health: 0/66       AC:  8    Str:  8    XL:     9   Next: 77%
Magic:  1/28       EV: 13    Int: 27    God:    Vehumet [......]
Gold:   220        SH:  4    Dex: 10    Spells: 17/22 levels left

rFire   x . .      SeeInvis +   g - +2 long sword of Superiority {drain, rF- Int+6 SInv}
rCold   . . .      Faith    .   D - +0 buckler
rNeg    . . .      Spirit   .   H - +0 steam dragon scales
rPois   .          Reflect  .   (no helmet)
rElec   .          Harm     .   r - +1 cloak
rCorr   .          Rampage  .   (no gloves)
Will    .....                   (no boots)
Stlth   +++.......              (no amulet)
HPRegen 0.21/turn               c - ring of magical power
MPRegen 0.21/turn               l - ring of flight

@: flying
A: fangs 1, strong nose, distributed training
a: Renounce Religion


You were on level 7 of the Dungeon.
You worshipped Vehumet.
Vehumet was noncommittal.
You visited 2 branches of the dungeon, and saw 8 of its levels.
You also visited: Ossuary.

You collected 220 gold pieces.

Inventory:

Hand Weapons
 g - the +2 long sword of Superiority (weapon) {drain, rF- Int+6 SInv}
   (You found it on level 5 of the Dungeon)

   A truly terrible weapon, it drains the life of any living foe it strikes.
   Int:       It affects your intelligence (+6).
   rF:        It makes you vulnerable to fire.
   SInv:      It lets you see invisible.
 m - the +6 spear of Insomnia {speed, Will- Int+6 Dex+9}
   (You found it on level 2 of the Dungeon)

   Attacks with this weapon are significantly faster.
   Int:       It affects your intelligence (+6).
   Dex:       It affects your dexterity (+9).
   Will:      It decreases your willpower.
Missiles
 G - 2 throwing nets
Armour
 a - a +0 robe
 r - a +1 cloak (worn)
 t - an orb of energy
 x - the +0 chain mail "Wepsul" {Regen+ Dex+6}
   (You took it off a goblin on level 4 of the Dungeon)

   Dex:       It affects your dexterity (+6).
   Regen:     It increases your rate of health regeneration.
 D - a +0 buckler (worn)
 H - +0 steam dragon scales (worn)
Jewellery
 c - a ring of magical power (left hand)
 l - a ring of flight (right hand)
Wands
 u - a wand of mindburst (16)
 I - a wand of digging (6)
Scrolls
 d - 4 scrolls of identify
 i - 4 scrolls of vulnerability
 j - a scroll of enchant weapon {unknown}
 k - 2 scrolls of teleportation {unknown}
 n - 2 scrolls of immolation {unknown}
 p - 4 scrolls of poison {unknown}
 y - a scroll of enchant armour {unknown}
 E - a scroll of noise {unknown}
 F - a scroll of fear {unknown}
 J - a scroll of blinking {unknown}
Potions
 b - a potion of magic
 e - 3 potions of lignification {unknown}
 f - a potion of degeneration {unknown}
 h - 3 potions of flight {unknown}
 o - 2 potions of attraction {unknown}
 q - 3 potions of resistance {unknown}
 s - a potion of might {unknown}
 v - 3 potions of heal wounds {unknown}
 w - a potion of mutation {unknown}
 z - 2 potions of ambrosia {unknown}
 A - 2 potions of berserk rage {unknown}
 B - a potion of brilliance {unknown}
 C - 2 potions of cancellation {unknown}
 K - a potion of haste


   Skills:
 + Level 4.7 Fighting
 + Level 4.7 Short Blades
 + Level 4.7 Long Blades
 + Level 4.7 Axes
 + Level 4.7 Maces & Flails
 + Level 4.7 Polearms
 + Level 4.7 Staves
 + Level 4.7 Ranged Weapons
 + Level 4.7 Throwing
 + Level 4.7 Armour
 + Level 6.7 Dodging
 + Level 6.4 Stealth
 + Level 4.7 Shields
 + Level 4.7 Unarmed Combat
 + Level 7.0 Spellcasting
 + Level 8.2 Conjurations
 + Level 3.9 Hexes
 + Level 3.9 Summonings
 + Level 3.9 Necromancy
 + Level 3.9 Translocations
 + Level 3.9 Transmutations
 + Level 3.9 Fire Magic
 + Level 3.9 Ice Magic
 + Level 3.9 Air Magic
 + Level 3.9 Earth Magic
 + Level 3.9 Poison Magic
 + Level 5.2 Invocations
 + Level 4.7 Evocations


You had 17 spell levels left.
You knew the following spells:

 Your Spells              Type           Power      Damage    Failure   Level
a - Magic Dart            Conj           100%       1d8       1%          1
b - Searing Ray           Conj           100%       2d8       1%          2
c - Poisonous Vapours     Pois/Air       60%        N/A       2%          2

Your spell library contained the following spells:

 Spells                   Type           Power      Damage    Failure   Level
 Sting                    Tmut/Pois      100%       1d8       1%          1
 Dazzling Flash           Conj/Hex       84%        N/A       1%          3
 Stone Arrow              Conj/Erth      84%        3d12      1%          3
 Call Imp                 Summ           30%        N/A       2%          2
 Sublimation of Blood     Necr           30%        N/A       2%          2
 Mephitic Cloud           Conj/Pois/Air  38%        N/A       2%          3
 Gell's Gravitas          Tloc           30%        N/A       4%          3
 Teleport Other           Tloc           30%        N/A       4%          3
 Fulminant Prism          Conj/Hex       21%        3d13      6%          4
 Iskenderun's Mystic Bla  Conj/Tloc      42%        2d10      6%          4
 Animate Armour           Summ/Erth      60%        N/A       14%         4
 Olgreb's Toxic Radiance  Pois           30%        N/A       14%         4
 Petrify                  Tmut/Erth      30%        N/A       14%         4
 Irradiate                Conj/Tmut      21%        3d20      17%         5
 Dispersal                Tloc           15%        N/A       92%         6
 Lehudib's Crystal Spear  Conj/Erth      21%        10d6      100%        8


Dungeon Overview and Level Annotations

Branches:
Dungeon (7/15)             Temple (1/1) D:6         Ossuary (visited)

Altars:
Ashenzari
Dithmenos
Elyvilon
Fedhas
Gozag
Hepliaklqana
Kikubaaqudgha
Makhleb
Nemelex Xobeh
Okawaru
Qazlal
Sif Muna
Trog
Uskayaw
Vehumet
Wu Jian
Xom
Yredelemnul
Zin
The Shining One

Shops:
D:2 *   D:5 *


Innate Abilities, Weirdness & Mutations

You have very sharp teeth.
Your uncanny sense of smell can sniff out nearby items.
Your experience applies equally to all skills.


Message History

You kill the yak!
Vehumet accepts your kill. The yak closely misses you.
Your Spellcasting skill increases to level 7!
Unknown command.
Unknown command.
Casting: Searing Ray (safe; 1% risk of failure)
Confirm with . or Enter, or press ? or * to list all spells.
Restarting spell: Searing Ray (safe; 1% risk of failure)
Press: ? - help, Shift-Dir - straight line, f - yak
Aim: a yak (90% to hit)
The searing ray hits the yak!
The yak is moderately wounded. (Press . to maintain the ray.)
The yak barely misses you.
The searing ray hits the yak.
The yak is moderately wounded.
The yak gores you.
* * * LOW HITPOINT WARNING * * *
Unknown command.
The searing ray hits the yak!
The yak is heavily wounded.
The yak misses you.
Unknown command.
Unknown command.
The searing ray misses the yak.
You finish channelling your searing ray.
The yak closely misses you.
Unknown command.
Unknown command.
The yak closely misses you.
Unknown command.
Unknown command.
Casting: Searing Ray (safe; 1% risk of failure)
Confirm with . or Enter, or press ? or * to list all spells.
Aiming: Poisonous Vapours (safe; 2% risk of failure)
Press: ? - help, Dir - move target, f/p - yak
Aim: a yak (heavily wounded) Poisonous vapours surround the yak!
The yak is poisoned.
The yak gores you!
You die...

##### ##############
#<... .............#
#....
.............#######....
.[......................
....................##'#
......†@............#..#
##....Y##'###......[#..#
#.....#....#.......#...
#.....#....#.......#...
#.....#....#.......+...
#######....#.......#..#
#....#.(.....#..#
#....#.......+...
#....#.......#...


You could see a yak (very poisoned).

Vanquished Creatures
  Sigmund (D:4)
  A shadow (D:7)
  Eustachio (D:6)
  2 yaks (D:7)
  A steam dragon (D:6)
  Menkaure (D:6)
  An orc warrior (D:7)
  3 ogres
  A centaur (D:7)
  A phantom (D:4)
  2 bullfrogs
  A gnoll sergeant (D:6)
  2 scorpions
  4 water moccasin zombies (Ossuary)
  A jelly (D:4)
  A gnoll bouda (D:6)
  4 orc priests
  2 hounds (D:5)
  Crazy Yiuf (D:3)
  Jessica (D:3)
  5 orc wizards
  An iguana (D:4)
  2 mummies (Ossuary)
  12 adders
  6 gnolls (D:6)
  3 white imps
  6 adder zombies (Ossuary)
  5 worms
  2 dart slugs (D:2)
  26 orcs
  5 ball pythons
  5 bats
  11 endoplasms
  11 giant cockroaches
  3 gnoll zombies (Ossuary)
  14 goblins
  6 hobgoblins
  3 jackals (D:4)
  7 quokkas
  2 frilled lizards (D:2)
  4 hobgoblin zombies (Ossuary)
  8 kobolds
  4 kobold zombies (Ossuary)
  10 orc zombies (Ossuary)
  4 rats
197 creatures vanquished.

Notes
Turn   | Place    | Note
-------+----------+-------------------------------------------
     0 | D:1      | Riddle the Gnoll Conjurer began the quest for the Orb.
     0 | D:1      | Reached XP level 1. HP: 13/13 MP: 6/6
   337 | D:1      | Reached XP level 2. HP: 19/19 MP: 7/7
   667 | D:2      | Reached skill level 5 in Spellcasting
   667 | D:2      | Reached XP level 3. HP: 13/25 MP: 9/9
   895 | D:2      | Learned a level 2 spell: Searing Ray
   963 | D:2      | Reached skill level 1 in Invocations
   977 | D:2      | Identified the +6 spear of Insomnia {speed, Will- Int+6
                  | Dex+9}
  1169 | D:2      | Identified the +4 hand axe of Uwidyh {venom, rC+}
  1329 | D:2      | Reached skill level 1 in Fighting
  1329 | D:2      | Reached skill level 1 in Short Blades
  1329 | D:2      | Reached skill level 1 in Long Blades
  1329 | D:2      | Reached skill level 1 in Axes
  1329 | D:2      | Reached skill level 1 in Maces & Flails
  1329 | D:2      | Reached skill level 1 in Polearms
  1329 | D:2      | Reached skill level 1 in Staves
  1329 | D:2      | Reached skill level 1 in Ranged Weapons
  1329 | D:2      | Reached skill level 1 in Throwing
  1329 | D:2      | Reached skill level 1 in Armour
  1329 | D:2      | Reached skill level 1 in Shields
  1329 | D:2      | Reached skill level 1 in Unarmed Combat
  1329 | D:2      | Reached skill level 1 in Evocations
  1434 | D:2      | Found Kufre's Assorted Antiques.
  1532 | D:2      | Reached XP level 4. HP: 32/32 MP: 11/11
  2315 | D:3      | Reached skill level 1 in Hexes
  2315 | D:3      | Reached skill level 1 in Summonings
  2315 | D:3      | Reached skill level 1 in Necromancy
  2315 | D:3      | Reached skill level 1 in Translocations
  2315 | D:3      | Reached skill level 1 in Transmutations
  2315 | D:3      | Reached skill level 1 in Fire Magic
  2315 | D:3      | Reached skill level 1 in Ice Magic
  2315 | D:3      | Reached skill level 1 in Air Magic
  2315 | D:3      | Reached skill level 1 in Earth Magic
  2315 | D:3      | Reached skill level 1 in Poison Magic
  2398 | D:3      | Reached XP level 5. HP: 13/37 MP: 6/12
  2981 | D:3      | Noticed Jessica
  2987 | D:3      | Killed Jessica
  3370 | D:3      | Found a runed translucent door.
  3371 | D:3      | Noticed Crazy Yiuf
  3551 | D:3      | Killed Crazy Yiuf
  3552 | D:3      | Reached XP level 6. HP: 44/44 MP: 13/13
  3639 | D:4      | Reached skill level 5 in Dodging
  3805 | D:4      | Identified the +0 chain mail "Wepsul" {Regen+ Dex+6}
  4035 | D:4      | Reached XP level 7. HP: 50/50 MP: 15/15
  4436 | D:4      | Found a blossoming altar of Fedhas.
  4444 | D:4      | Noticed Sigmund
  4456 | D:4      | Killed Sigmund
  4457 | D:4      | Reached skill level 5 in Stealth
  4827 | D:5      | Entered Level 5 of the Dungeon
  4829 | D:5      | Identified the +12 plate armour of the Comet {rC+}
  4926 | D:5      | Found Lesk's General Store.
  5170 | D:5      | Reached XP level 8. HP: 52/58 MP: 16/16
  5176 | D:5      | Identified the +2 long sword of Superiority {drain, rF-
                  | Int+6 SInv}
  5229 | D:5      | Found a sand-covered staircase.
  5233 | Ossuary  | Entered an ossuary
  6847 | D:6      | Found a staircase to the Ecumenical Temple.
  6902 | Temple   | Entered the Ecumenical Temple
  7377 | D:6      | Reached XP level 9. HP: 65/65 MP: 17/18
  7734 | D:6      | Noticed Eustachio
  7764 | D:6      | Killed Eustachio
  7765 | D:6      | Reached skill level 8 in Conjurations
  8184 | D:6      | Noticed Menkaure
  8194 | D:6      | Killed Menkaure
  8198 | D:6      | Learned a level 2 spell: Poisonous Vapours
  8832 | Temple   | Became a worshipper of Vehumet
  9042 | D:7      | Reached skill level 5 in Invocations
  9368 | D:7      | Slain by a yak

Illustrated notes

Levels and vault maps discovered:
D:1:      erik_arrival_blinker_ship, layout_rooms
D:2:      minmay_razor_zed, layout_basic, serial_shops, shop,
          corexii_item_surrounded_by_moat
D:3:      minmay_octagon_keep, layout_loops_ring, minivault_4,
          uniq_crazy_yiuf_cottage, uniq_jessica
D:4:      layout_basic, nicolae_overflow_hidden_temple, uniq_sigmund
D:5:      layout_basic, serial_shops, shop,
          nicolae_ossuary_entry_false_entrances, kennysheep_generic_room_3
D:6:      layout_cave_pods, minmay_temple_entry_butterflies,
          gup_sewer_entry_pipe, serial_column_ruins, column_ruins_grid_4,
          column_ruins_columns_corner, column_ruins_grid_1, column_ruins_grid_2,
          column_ruins_grid_1, column_ruins_open_tiny, column_ruins_open_tiny,
          uniq_eustachio, uniq_menkaure
D:7:      minmay_chambers_of_fours, layout_gridville, glass_columns_b
Temple:   nicolae_temple_bog_church

Skill      XL: |  1  2  3  4  5  6  7  8  9 |
---------------+----------------------------+-----
Spellcasting   | 5 6 7 |  7.0
Invocations    | 1 2 3 4 5 |  5.2
Fighting       | 1 2 3 4 |  4.7
Short Blades   | 1 2 3 4 |  4.7
Long Blades    | 1 2 3 4 |  4.7
Axes           | 1 2 3 4 |  4.7
Maces & Flails | 1 2 3 4 |  4.7
Polearms       | 1 2 3 4 |  4.7
Staves         | 1 2 3 4 |  4.7
Ranged Weapons | 1 2 3 4 |  4.7
Throwing       | 1 2 3 4 |  4.7
Armour         | 1 2 3 4 |  4.7
Shields        | 1 2 3 4 |  4.7
Unarmed Combat | 1 2 3 4 |  4.7
Evocations     | 1 2 3 4 |  4.7
Hexes          | 1 2 3 |  3.9
Summonings     | 1 2 3 |  3.9
Necromancy     | 1 2 3 |  3.9
Translocations | 1 2 3 |  3.9
Transmutations | 1 2 3 |  3.9
Fire Magic     | 1 2 3 |  3.9
Ice Magic      | 1 2 3 |  3.9
Air Magic      | 1 2 3 |  3.9
Earth Magic    | 1 2 3 |  3.9
Poison Magic   | 1 2 3 |  3.9
Dodging        | 5 6 |  6.7
Stealth        | 5 6 |  6.4
Conjurations   | 8 |  8.2

Action                   |  1- 3 |  4- 6 |  7- 9 || total
-------------------------+-------+-------+-------++-------
Melee: Spear             |       |       |    12 ||    12
       Bite              |       |       |     3 ||     3
       Long sword        |       |       |    10 ||    10
 Cast: Magic Dart        |    42 |    65 |   122 ||   229
       Searing Ray       |     9 |    24 |    73 ||   106
       Poisonous Vapours |       |       |     6 ||     6
  Use: Scroll            |       |       |     3 ||     3
Armor: Chain mail        |       |       |    13 ||    13
       Robe              |       |       |    15 ||    15
       Steam dragon scal |       |       |    13 ||    13
Dodge: Dodged            |     5 |     7 |    88 ||   100
Block: Buckler           |       |       |     8 ||     8

Table legend: (Time is in decaauts)
 A = Elapsed time spent in this place.
 B = Non-inter-level travel time spent in this place.
 C = Inter-level travel time spent in this place.
 D = Time resting spent in this place.
 E = Time spent auto-exploring this place.
 F = Levels seen in this place.
 G = Mean time per level.
                   A        B        C        D        E       F      G
               +--------+--------+--------+--------+--------+-----+--------+
         Total |   9366 |   8928 |    438 |   1337 |   6134 |   9 | 1040.7 |
       Dungeon |   8339 |   7915 |    424 |    967 |   5925 |   7 | 1191.3 |
        Temple |    567 |    553 |     14 |    241 |     21 |   1 |  567.0 |
       Ossuary |    460 |    460 |      0 |    129 |    188 |   1 |  460.0 |
               +--------+--------+--------+--------+--------+-----+--------+

Top non-repeatable levels by time:
     D:2: 1703 daAuts
     D:6: 1699 daAuts
     D:4: 1489 daAuts
     D:3: 1297 daAuts
     D:5: 1066 daAuts
     D:1: 593 daAuts
  Temple: 567 daAuts
     D:7: 488 daAuts
 Ossuary: 460 daAuts
